Map: Heavy Artillery LE

Players

MicroDouglas - Winner!

  • Race: Terran Terran
  • Spawn Location: 1:00

MicroBolton - Winner!

  • Race: Terran Terran
  • Spawn Location: 3:00

qqq

  • Race: Zerg Zerg
  • Spawn Location: 7:00

Massa

  • Race: Terran Terran
  • League: Platinum
  • Spawn Location: 7:00

VOD

Have the link to the VOD?

Description

Time

  • Played on: Feb. 28, 2021, 10:22 a.m.
  • Length: 25:06
Show
View Real Time Build Order
Export as new Build Order

MicroDouglas Terran - Winner!

Build Orders: 2 Factory, Cyclone Opening 

Get SALT Encoding   

  12  0:00  SCV  
  13  0:12  SCV  
  14  0:17  Supply Depot  
  14  0:26  Refinery  
  14  0:28  SCV  
  15  0:41  Barracks  
  15  0:45  SCV  
  16  1:01  SCV  
  17  1:13  SCV  
  18  1:33  Orbital Command  
  18  1:34  Factory  
  18  1:52  Command Center  
  18  1:56  Barracks Tech Lab  
  18  2:00  SCV  
  19  2:08  Refinery  
  19  2:12  SCV  
  20  2:17  Supply Depot  
  20  2:25  Cyclone  
  23  2:40  Supply Depot  
  23  2:44  SCV  
  24  2:57  Cyclone  
  27  3:00  SCV  
  28  3:08  Factory  
  28  3:12  Orbital Command  
  28  3:15  SCV  
  29  3:21  Barracks Reactor  
  29  3:26  Refinery  
  29  3:31  Cyclone  
  32  3:36  SCV  
  32  3:39  SCV  
  34  3:48  SCV  
  35  3:51  SCV  
  36  4:05  Cyclone  
  36  4:06  Hellion x2  
  43  4:11  SCV x2  
  43  4:15  Supply Depot  
  45  4:23  SCV x2  
  47  4:38  Command Center  
  44  4:53  Cyclone  
  44  4:54  Hellion x2  
  51  5:05  SCV x2  
  53  5:12  Engineering Bay  
  53  5:17  SCV x2  
  55  5:37  Cyclone  
  58  5:47  SCV x2  
  60  5:50  Hellion x2  
  64  5:59  Orbital Command, SCV  
  64  6:02  SCV  
  64  6:11  SCV  
  64  6:15  Infernal Pre-Igniter  
  64  6:16  Siege Tank  
  68  6:27  Missile Turret  
  68  6:30  Missile Turret  
  68  6:31  SCV x2  
  68  6:32  SCV  
  71  6:33  Sensor Tower  
  71  6:36  Refinery  
  71  6:37  Missile Turret  
  71  6:38  Missile Turret  
  71  6:40  Missile Turret  
  71  6:43  Hellion x2  
  71  6:44  SCV x2  
  77  6:49  Command Center  
  77  6:54  Missile Turret  
  77  6:59  Supply Depot  
  77  7:00  Supply Depot  
  77  7:03  SCV x2, Supply Depot  
  77  7:05  Supply Depot  
  79  7:12  Supply Depot  
  79  7:15  Supply Depot  
  79  7:16  SCV x2  
  80  7:25  SCV  
  80  7:28  SCV x2  
  83  7:32  Widow Mine  
  83  7:33  Widow Mine, Siege Tank  
  90  8:04  Refinery, Orbital Command  
  90  8:05  Siege Tank  
  92  8:07  Refinery  
  90  8:17  SCV x3  
  93  8:28  Factory  
  93  8:29  Factory  
  93  8:33  Starport  
  93  8:35  Hi-Sec Auto Tracking  
  93  8:39  Armory  
  93  8:40  Armory  
  93  8:41  Siege Tank  
  96  8:42  Hellion x2  
  96  8:44  SCV x2  
  96  8:45  SCV x2  
  104  8:56  SCV  
  105  9:10  Supply Depot  
  105  9:11  Supply Depot x2  
  105  9:16  Factory Tech Lab x2, Siege Tank  
  108  9:18  Hellion x2  
  108  9:20  SCV x2  
  108  9:21  SCV x2  
  108  9:24  Starport Reactor  
  116  9:32  Neosteel Armor  
  116  9:39  Command Center  
  116  9:44  Missile Turret  
  116  9:47  Sensor Tower  
  116  9:50  Siege Tank  
  116  9:51  Siege Tank x2  
  129  9:52  Hellion  
  129  9:53  Hellion  
  127  10:14  Hellion x2  
  127  10:20  SCV  
  127  10:21  SCV x2  
  134  10:40  Terran Vehicle And Ship Armor Level 1, Terran Vehicle Weapons Level 1  
  134  10:48  Siege Tank x3  
  143  10:50  Hellion x2  
  147  11:00  Fusion Core  
  147  11:01  Liberator x2  
  153  11:19  Command Center  
  153  11:25  Siege Tank x3  
  162  11:41  Planetary Fortress  
  162  11:46  Smart Servos  
  162  11:47  Drilling Claws  
  162  11:49  Mag-Field Accelerator  
  162  11:51  Advanced Ballistics  
  162  11:52  Liberator  
  162  11:53  Liberator  
  168  12:00  Missile Turret  
  168  12:04  Refinery x2, Missile Turret  
  168  12:05  Missile Turret  
  168  12:06  Missile Turret  
  168  12:10  SCV x3  
  168  12:11  Siege Tank x3  
  168  12:12  Hellion x2  
  158  12:52  Siege Tank x3  
  158  12:53  Liberator x2  
  171  13:11  SCV x2, Orbital Command  
  159  13:32  Thor x3  
  168  13:34  Hellion  
  168  13:37  Factory  
  168  13:39  Factory  
  168  13:42  Factory  
  168  13:43  Terran Vehicle Weapons Level 2  
  168  13:44  Factory  
  168  13:45  Terran Vehicle And Ship Armor Level 2  
  162  14:28  Factory Tech Lab x4  
  162  14:35  Hellion  
  162  14:36  Hellion x4  
  142  14:55  Liberator x2  
  142  14:57  Hellion x5  
  142  14:58  Command Center  
  155  15:14  Hellion  
  155  15:15  Hellion x3  
  155  15:18  Hellion  
  155  15:19  Hellion x4  
  163  15:36  Refinery, Hellion x4  
  163  15:38  Liberator x2  
  163  15:40  Refinery, Hellion x2, Siege Tank x2  
  187  15:45  Command Center  
  187  15:49  Command Center  
  187  15:51  Hellion  
  187  15:53  Command Center  
  188  15:57  Hellion  
  188  15:58  Hellion x2  
  192  16:13  Siege Tank x4  
  192  16:17  Terran Vehicle And Ship Armor Level 3, Terran Vehicle Weapons Level 3  
  189  16:21  Liberator x2  
  162  17:09  Siege Tank  
  162  17:10  Siege Tank x3  
  164  17:17  Cyclone x3  
  170  17:40  Hellion x2  
  170  17:41  Cyclone  
  170  17:42  Cyclone, Hellion x2  
  181  17:49  Hellion  
  181  17:50  Hellion  
  156  18:30  Orbital Command  
  153  18:40  Siege Tank x2  
  153  18:41  Siege Tank x3  
  146  18:43  Hellbat x2  
  143  19:01  Orbital Command  
  138  19:13  Liberator, Siege Tank x3  
  138  19:15  Factory Tech Lab  
  138  19:16  Factory Tech Lab  
  150  19:31  SCV  
  136  19:43  SCV  
  137  19:46  Hellion  
  137  19:47  Hellion x7  
  150  19:55  SCV  
  150  19:56  Liberator  
  152  20:07  SCV, Hellion  
  152  20:08  Hellion x7  
  156  20:14  Refinery  
  156  20:15  Refinery  
  156  20:19  SCV  
  155  20:23  Command Center  
  155  20:29  Hellion x7  
  155  20:30  Hellion  
  171  20:38  Liberator  
  174  20:50  Hellion  
  174  20:51  Hellion  
  174  20:54  Hellion  
  174  20:56  Hellion  
  178  20:58  Hellion x4  
  174  21:12  Hellion  
  174  21:15  Siege Tank  
  174  21:17  Siege Tank  
  182  21:19  Siege Tank  
  182  21:22  Liberator  
  182  21:24  Siege Tank  
  178  21:37  Cyclone x2  
  180  21:47  Cyclone  
  180  22:04  Liberator  
  139  22:37  Hellion x5  
  139  22:38  Hellion x2  
  139  22:44  Hellion  
  136  22:58  Hellion  
  136  22:59  Hellion x2  
  136  23:02  Hellion  
  136  23:03  Hellion x3  
  136  23:05  Hellion  
  134  23:20  Hellion x3  
  134  23:24  Hellion x3  
  134  23:27  Liberator, Siege Tank x2  
  148  23:32  Orbital Command  
  151  23:41  Widow Mine, Siege Tank  
  151  24:10  Liberator  
  142  24:18  Orbital Command  
  128  24:24  Hellion  
  128  24:25  Hellion x4  
  133  24:34  Refinery  
  119  24:39  Refinery  
  119  24:48  SCV  
Show
View Real Time Build Order
Export as new Build Order

MicroBolton Terran - Winner!

Build Orders: 2 Factory, Hellion Opening, Mech 

Get SALT Encoding   

  12  0:00  SCV  
  13  0:12  SCV  
  14  0:22  Supply Depot  
  14  0:25  SCV  
  15  0:30  Refinery  
  15  0:43  SCV  
  15  0:48  Barracks  
  16  0:56  SCV  
  17  1:08  SCV  
  18  1:20  SCV  
  19  1:36  SCV  
  19  1:41  Command Center  
  19  1:43  Barracks Reactor  
  19  1:57  Factory  
  19  1:58  SCV  
  20  2:13  Supply Depot  
  20  2:14  SCV  
  21  2:27  Orbital Command  
  21  2:43  Refinery  
  21  2:48  Hellion x2  
  25  2:53  Barracks Tech Lab  
  25  2:57  Factory  
  25  3:04  Orbital Command  
  25  3:09  SCV  
  26  3:14  Hellion  
  30  3:20  Hellion  
  30  3:22  SCV  
  30  3:23  Orbital Command  
  31  3:37  Hellion  
  31  3:41  Hellion x2  
  37  3:53  SCV x2  
  37  3:54  Supply Depot  
  39  4:05  SCV  
  39  4:08  Engineering Bay  
  40  4:10  SCV  
  40  4:13  Infernal Pre-Igniter  
  40  4:15  Cyclone  
  40  4:16  Hellion  
  46  4:19  Supply Depot  
  46  4:25  SCV  
  46  4:27  SCV  
  48  4:37  SCV  
  49  4:50  SCV x2  
  49  4:51  Hellion x3  
  53  5:02  SCV x2  
  55  5:08  Supply Depot x2  
  55  5:12  Cyclone, Hellion x2  
  62  5:34  SCV x2  
  64  5:46  SCV x2  
  66  5:52  Armory, Factory  
  66  5:54  Factory  
  66  5:55  Command Center, Missile Turret  
  66  5:58  Refinery, SCV x2  
  66  5:59  Refinery  
  66  6:00  Supply Depot  
  68  6:10  SCV, Missile Turret  
  67  6:12  Missile Turret  
  66  6:23  SCV  
  66  6:24  SCV  
  67  6:36  SCV x2  
  68  6:40  Factory Tech Lab  
  68  6:41  Factory Tech Lab  
  68  6:50  SCV  
  69  6:59  SCV  
  69  7:02  SCV  
  70  7:11  SCV, Command Center  
  70  7:12  Command Center  
  70  7:14  SCV, Siege Tank  
  75  7:23  SCV  
  75  7:26  SCV  
  75  7:28  Cyclone x2  
  83  7:30  Mag-Field Accelerator  
  83  7:36  SCV  
  82  7:38  SCV  
  82  7:46  Cyclone, Missile Turret  
  82  7:48  SCV  
  86  7:53  Supply Depot  
  86  7:54  Supply Depot  
  86  7:55  Supply Depot  
  86  8:15  SCV x2  
  88  8:27  SCV x2  
  88  8:29  Orbital Command  
  90  8:39  SCV x2  
  92  8:45  Supply Depot  
  92  8:47  Siege Tank x2, Supply Depot  
  98  8:51  Starport  
  98  8:56  Sensor Tower  
  98  8:58  Siege Tank  
  98  9:00  Hellion x2  
  105  9:08  Supply Depot  
  105  9:10  Orbital Command  
  105  9:12  Missile Turret  
  105  9:15  Missile Turret  
  105  9:18  SCV x3  
  105  9:19  Siege Tank  
  111  9:26  Terran Vehicle Weapons Level 1  
  111  9:28  Armory  
  111  9:30  SCV x2, Starport Reactor  
  111  9:31  SCV  
  114  9:33  Starport Reactor  
  114  9:39  Starport  
  114  9:41  SCV, Missile Turret  
  114  9:42  SCV, Starport Reactor  
  114  9:43  Refinery, SCV  
  114  9:44  Refinery, SCV  
  118  9:53  SCV  
  118  9:55  SCV  
  120  10:06  SCV, Thor x2  
  120  10:07  Thor  
  139  10:21  Starport Reactor  
  139  10:25  Terran Ship Weapons Level 1, Fusion Core  
  139  10:31  Hellion  
  139  10:32  Hellion  
  143  10:38  Starport  
  143  10:39  Sensor Tower  
  143  10:41  Liberator x2  
  149  10:50  Command Center  
  149  10:56  Command Center  
  145  11:17  SCV, Starport Reactor  
  141  11:21  Terran Vehicle And Ship Armor Level 1  
  141  11:23  Liberator x2  
  134  11:32  Liberator x2  
  121  11:35  Hellion x2  
  126  11:53  Siege Tank x2  
  132  11:54  Thor  
  132  11:58  Command Center  
  132  11:59  Advanced Ballistics  
  138  12:15  Hellion x2  
  132  12:25  Hellion  
  132  12:29  Liberator x4  
  143  12:36  Orbital Command  
  133  12:56  Thor  
  133  12:57  Thor x2  
  151  13:01  Planetary Fortress  
  151  13:10  Refinery  
  148  13:14  Refinery  
  146  13:32  Liberator, Viking x3  
  155  13:53  Command Center  
  145  14:20  Command Center, Siege Tank x3  
  145  14:23  Command Center  
  154  14:24  Terran Ship Weapons Level 2  
  154  14:25  Terran Vehicle Weapons Level 2  
  154  14:27  Liberator  
  154  14:30  Hellion  
  154  14:31  Hellion  
  161  14:35  Supply Depot  
  161  14:37  SCV x4  
  165  14:38  Supply Depot  
  165  14:52  Hellion x2, Siege Tank  
  174  14:53  Hellion  
  168  15:06  Planetary Fortress  
  168  15:08  Refinery  
  168  15:10  Viking x5  
  178  15:46  Orbital Command  
  176  16:25  SCV x3, Command Center  
  179  16:40  Refinery  
  179  16:48  Liberator x5  
  179  16:49  Liberator  
  179  16:52  Siege Tank  
  200  17:26  Terran Vehicle And Ship Armor Level 2, Terran Vehicle Weapons Level 3  
  200  17:33  Planetary Fortress  
  150  18:50  Siege Tank x2  
  150  18:51  Siege Tank  
  159  19:02  Liberator  
  154  19:10  Hellion x2  
  158  19:22  Thor x2, Siege Tank  
  168  19:31  Hellion, Command Center  
  146  19:46  Liberator  
  146  19:47  Liberator x2  
  153  20:05  Liberator  
  152  20:09  Hellion x5  
  158  20:30  Hellion x2  
  144  20:46  Planetary Fortress  
  143  20:58  Missile Turret  
  143  20:59  Missile Turret  
  143  21:00  Missile Turret  
  143  21:01  Liberator x2  
  143  21:02  Refinery  
  149  21:16  Hellion x5  
  159  21:37  Hellion x4  
  159  21:38  Hellion  
  167  21:50  Liberator x3  
  170  21:58  Hellion  
  170  21:59  Hellion  
  164  22:09  Hellion x3  
  170  22:20  Hellion x2, Terran Ship Weapons Level 3  
  172  22:30  Hellion x3  
  178  22:41  Hellion x2  
  182  22:51  Hellion  
  179  23:31  Drilling Claws, Smart Servos  
  169  23:46  Hellion x3  
  169  23:47  Hellion x2  
  174  23:49  Refinery  
  170  24:02  Command Center  
  170  24:05  Command Center  
  170  24:08  Hellion x4, Command Center  
Show
View Real Time Build Order
Export as new Build Order

qqq Zerg 

Build Orders: Hatch First, Lurkers 

Get SALT Encoding   

  12  0:00  Drone  
  13  0:08  Drone  
  14  0:17  Overlord  
  14  0:48  Drone  
  14  0:49  Hatchery  
  15  0:50  Drone  
  15  0:54  Drone  
  16  1:02  Drone  
  17  1:11  Drone  
  18  1:27  Spawning Pool  
  17  1:42  Drone  
  17  1:43  Drone x2  
  17  1:46  Extractor  
  19  1:54  Drone  
  20  2:06  Drone x2  
  22  2:13  Overlord  
  22  2:14  Queen  
  22  2:15  Queen  
  26  2:19  Drone  
  27  2:27  Drone  
  27  2:28  Overlord  
  28  2:33  Overlord  
  29  2:51  Drone  
  29  2:53  Hatchery  
  29  2:57  Metabolic Boost  
  28  2:59  Drone  
  28  3:01  Drone  
  30  3:07  Drone  
  30  3:09  Drone  
  30  3:12  Drone x2  
  34  3:20  Drone  
  34  3:21  Drone  
  34  3:26  Lair  
  36  3:29  Drone  
  36  3:33  Extractor  
  36  3:35  Drone x2, Overlord  
  36  3:37  Zergling x2  
  36  3:39  Zergling x2  
  40  3:44  Drone x2  
  40  3:45  Zergling x2  
  40  3:47  Zergling x2  
  44  3:51  Baneling Nest  
  44  3:54  Drone  
  44  3:55  Drone  
  45  3:56  Extractor  
  44  4:05  Evolution Chamber  
  44  4:06  Evolution Chamber  
  44  4:07  Drone x3  
  45  4:13  Drone  
  45  4:14  Drone x3  
  45  4:15  Drone  
  50  4:18  Drone  
  50  4:19  Drone  
  52  4:26  Zergling x4  
  52  4:29  Zergling x2  
  52  4:30  Zergling x2  
  56  4:34  Extractor  
  55  4:40  Zerg Melee Weapons Level 1, Hydralisk Den  
  54  4:46  Zerg Ground Armor Level 1  
  54  4:54  Spine Crawler  
  54  4:55  Spine Crawler  
  54  4:57  Spine Crawler  
  54  4:58  Spine Crawler  
  50  5:03  Zergling x10  
  50  5:04  Zergling x2  
  50  5:05  Zergling x2  
  57  5:07  Zergling x2  
  58  5:15  Spine Crawler  
  57  5:46  Drone x4, Hydralisk x2  
  65  5:50  Muscular Augments  
  65  5:52  Overlord x3  
  65  6:02  Overlord x3  
  65  6:08  Lurker Den  
  61  6:21  Queen  
  63  6:33  Drone x7  
  70  6:43  Zerg Ground Armor Level 2  
  70  6:44  Zerg Missile Weapons Level 1  
  59  7:02  Grooved Spines  
  59  7:04  Hydralisk x4  
  59  7:05  Hydralisk x4  
  73  7:09  Lurker x2  
  73  7:15  Drone  
  76  7:21  Infestation Pit  
  75  7:37  Hydralisk x5  
  75  7:43  Zergling x8  
  89  7:49  Extractor x2  
  87  7:51  Drone x2  
  87  7:52  Hydralisk  
  87  7:58  Hive  
  91  8:07  Lurker  
  91  8:09  Zergling x4  
  91  8:10  Zergling x2  
  95  8:14  Drone x3  
  98  8:43  Zerg Missile Weapons Level 2  
  98  8:45  Hydralisk x4  
  98  8:48  Overlord x5  
  106  8:59  Zerg Melee Weapons Level 2  
  106  9:16  Lurker x4  
  107  9:22  Hatchery, Hydralisk x2  
  107  9:23  Hydralisk  
  112  9:24  Zergling x2  
  112  9:25  Zergling x8  
  112  9:27  Hatchery  
  112  9:30  Drone  
  117  9:36  Drone x3  
  120  9:54  Spore Crawler  
  120  9:55  Spore Crawler  
  120  9:57  Spine Crawler  
  112  10:18  Hydralisk x4  
  112  10:20  Viper x3  
  127  10:23  Zergling x4  
  129  10:30  Drone x3  
  132  10:44  Lurker  
  132  10:47  Seismic Spines  
  133  10:50  Hydralisk x2  
  133  10:51  Drone  
  133  10:52  Drone x4  
  139  11:07  Drone, Zergling x8  
  139  11:08  Drone x3  
  137  11:30  Zergling x4  
  137  11:31  Hydralisk x4, Zergling x6  
  145  11:37  Drone  
  145  11:38  Drone x3  
  149  11:44  Adaptive Talons  
  149  11:45  Zerg Missile Weapons Level 3, Zerg Ground Armor Level 3  
  149  11:57  Spine Crawler  
  149  11:58  Spine Crawler  
  147  12:10  Drone x4  
  147  12:11  Drone x4  
  147  12:13  Spine Crawler  
  145  12:42  Hatchery  
  140  12:47  Viper x2  
  140  12:49  Hydralisk x2  
  140  12:50  Zergling x2  
  151  12:51  Overlord  
  151  12:52  Overlord x4  
  151  13:00  Ultralisk Cavern, Zergling x2  
  149  13:09  Drone  
  149  13:10  Drone x2  
  147  13:16  Zergling x6  
  147  13:19  Drone x2  
  151  13:34  Drone  
  151  13:41  Hatchery  
  151  13:45  Lurker x3  
  151  13:46  Lurker x5  
  151  13:47  Lurker  
  160  13:50  Hatchery  
  160  13:51  Hydralisk x2  
  160  13:52  Overlord x3  
  160  13:54  Zergling x8  
  167  14:03  Drone x3  
  170  14:22  Zerg Melee Weapons Level 3  
  150  14:49  Hydralisk x3  
  150  14:50  Hydralisk x8  
  150  14:51  Hydralisk  
  174  14:53  Viper  
  175  15:02  Drone  
  176  15:08  Spine Crawler  
  175  15:17  Anabolic Synthesis  
  167  15:38  Hydralisk  
  167  15:39  Hydralisk x4  
  167  15:40  Drone x5, Hydralisk x5  
  167  15:42  Overlord  
  190  15:43  Zergling x2  
  190  15:44  Zergling x2  
  190  15:45  Spine Crawler x3  
  190  15:48  Spine Crawler  
  188  15:55  Spine Crawler  
  181  16:00  Chitinous Plating  
  173  16:20  Viper x2  
  179  16:38  Hydralisk x3, Viper  
  181  16:51  Hydralisk x3  
  182  16:54  Drone x6  
  182  16:57  Zergling x2  
  182  16:58  Zergling x16  
  190  17:10  Spine Crawler  
  190  17:14  Spine Crawler  
  190  17:15  Drone x2, Spine Crawler  
  189  17:16  Drone  
  189  17:17  Drone x8  
  189  17:18  Drone  
  196  17:31  Viper  
  196  17:32  Hydralisk  
  196  17:57  Ultralisk  
  199  17:59  Zergling x2  
  143  18:44  Hydralisk x7  
  143  18:45  Hydralisk  
  158  18:55  Lurker x2  
  158  18:56  Lurker  
  158  18:59  Drone x2  
  153  19:38  Viper  
  117  19:39  Hydralisk  
  117  19:41  Zergling x10  
  117  19:42  Zergling x4  
  117  19:44  Extractor  
  117  19:45  Extractor  
  114  19:49  Drone x2  
  110  19:56  Zergling x4  
  110  19:57  Zergling x14  
  110  19:58  Zergling x6  
  108  20:02  Extractor  
  108  20:05  Extractor  
  103  20:19  Zergling x6  
  103  20:20  Zergling x6  
  103  20:21  Hydralisk x4  
  95  20:42  Viper  
  96  20:43  Zergling x8  
  96  20:44  Drone x3, Zergling x6  
  96  20:45  Drone x3  
  96  20:49  Extractor  
  105  20:50  Extractor  
  105  20:56  Hydralisk  
  105  21:05  Hydralisk x2  
  88  21:44  Hydralisk x4  
  88  21:45  Zergling x8  
  88  21:46  Zergling x8  
  82  22:11  Hydralisk x3  
  82  22:12  Queen  
  82  22:14  Spine Crawler  
  82  22:15  Drone x5  
  93  22:16  Drone  
  91  22:27  Ultralisk x2  
  91  22:28  Zergling x4  
  108  22:31  Drone  
  92  22:43  Spore Crawler  
  81  22:44  Spore Crawler  
  81  22:45  Hydralisk  
  81  22:46  Hydralisk x3  
  81  22:47  Zergling x4, Spore Crawler  
  86  23:00  Zergling x2  
  86  23:01  Zergling x4  
  70  23:14  Zergling x12  
  71  23:23  Lair  
  71  23:24  Spawning Pool  
  68  23:29  Zergling x4  
  55  23:47  Spine Crawler  
  48  23:50  Spine Crawler  
  48  23:51  Spine Crawler x2, Overlord x2  
  48  23:52  Spine Crawler  
  35  24:03  Overlord  
  24  24:28  Zergling x6  
  19  24:44  Drone  
  20  24:46  Drone x3  
  20  24:47  Drone x3  
Show
View Real Time Build Order
Export as new Build Order

Massa Terran 

Build Orders: Reaper Expand 

Get SALT Encoding   

  12  0:00  SCV  
  13  0:12  SCV  
  14  0:20  Supply Depot  
  14  0:25  SCV  
  15  0:42  SCV  
  16  0:43  Barracks  
  16  0:48  Refinery  
  16  0:54  SCV  
  17  1:06  SCV  
  18  1:18  SCV  
  19  1:30  Orbital Command  
  19  1:33  Reaper  
  20  1:50  Supply Depot  
  20  1:51  Command Center  
  20  1:55  SCV  
  21  2:05  Marine  
  22  2:11  SCV  
  22  2:15  Factory  
  23  2:25  SCV  
  24  2:37  Barracks Reactor  
  24  2:39  SCV  
  25  2:46  Refinery  
  25  2:58  Command Center  
  25  3:04  Orbital Command  
  25  3:10  SCV  
  26  3:22  Barracks Tech Lab  
  26  3:24  Hellion x2  
  30  3:32  Starport  
  30  3:33  SCV  
  31  3:34  SCV  
  32  3:44  Engineering Bay  
  32  3:45  Hellion x2  
  36  3:52  SCV  
  36  3:53  SCV  
  38  4:04  SCV  
  38  4:05  SCV  
  38  4:07  Hellion x2  
  44  4:16  SCV, Marine  
  46  4:17  SCV  
  46  4:20  Missile Turret  
  47  4:24  SCV  
  47  4:25  Missile Turret  
  47  4:27  Starport Tech Lab  
  47  4:28  SCV  
  47  4:31  SCV  
  50  4:33  Widow Mine x2  
  50  4:36  SCV  
  55  4:40  SCV  
  54  4:49  Marine  
  43  4:54  Widow Mine  
  43  4:55  Widow Mine  
  47  5:01  Banshee  
  46  5:07  Marine  
  46  5:11  Bunker  
  46  5:13  Barracks x2  
  47  5:15  Barracks  
  43  5:46  Cloaking Field  
  43  5:48  Banshee  
  43  5:49  SCV  
  47  5:50  SCV  
  47  5:54  Orbital Command  
  48  6:00  Barracks Tech Lab  
  48  6:01  Barracks Tech Lab  
  48  6:02  SCV x2  
  50  6:08  Refinery  
  50  6:09  Barracks Tech Lab  
  50  6:10  Refinery  
  50  6:21  Barracks Reactor  
  47  6:42  Stimpack  
  47  6:52  Supply Depot x2  
  47  6:53  Supply Depot  
  47  6:54  Supply Depot  
  47  7:07  Supply Depot  
  47  7:10  Supply Depot  
  47  7:12  Supply Depot  
  47  7:13  Banshee, Marauder, Marine x2  
  47  7:14  Marauder x2  
  47  7:15  Factory, Terran Infantry Weapons Level 1  
  58  7:17  Orbital Command, Supply Depot  
  58  7:18  Factory x2  
  58  7:20  Supply Depot  
  58  7:31  Marine x2  
  58  7:32  Supply Depot  
  58  7:35  Marauder x3  
  66  8:09  Marauder x3  
  66  8:11  Factory Tech Lab x3  
  72  8:16  SCV  
  72  8:17  SCV  
  72  8:18  SCV  
  72  8:22  Marine x2  
  72  8:25  Medivac  
  76  8:28  SCV  
  76  8:29  SCV  
  76  8:30  SCV, Marauder  
  76  8:31  Marauder x2  
  85  8:35  Command Center  
  85  8:38  Armory, Siege Tank x3  
  85  8:39  Marine  
  85  8:41  SCV x2  
  97  8:43  Engineering Bay  
  97  8:49  Combat Shield  
  97  8:50  Concussive Shells  
  97  8:52  Marauder x2  
  97  8:55  Medivac  
  103  8:58  Sensor Tower  
  103  9:02  Sensor Tower  
  103  9:07  SCV  
  103  9:08  Refinery x2, SCV x2  
  106  9:17  Missile Turret  
  106  9:19  SCV  
  106  9:20  SCV x2, Missile Turret  
  109  9:29  Medivac  
  109  9:30  Marauder x3  
  117  9:31  Marine x2  
  117  9:32  SCV  
  120  9:49  Marine x2  
  120  9:51  Marine  
  120  9:52  SCV, Marauder x2  
  128  9:53  SCV x2  
  128  9:59  Medivac  
  132  10:00  Sensor Tower  
  132  10:04  SCV  
  132  10:05  SCV x2  
  135  10:17  SCV x2  
  137  10:22  Siege Tank  
  140  10:29  Supply Depot x2  
  140  10:32  Supply Depot  
  140  10:35  Planetary Fortress, Supply Depot  
  140  10:41  Refinery  
  140  10:43  Refinery  
  140  10:44  Missile Turret  
  140  10:46  Missile Turret  
  140  10:50  SCV x2, Siege Tank x2  
  140  10:51  SCV  
  140  10:54  Supply Depot, Command Center, Siege Tank  
  140  10:56  Supply Depot  
  152  10:57  Supply Depot  
  152  10:59  Supply Depot  
  152  11:03  SCV x3, Marauder x3, Marine x2  
  163  11:09  Barracks  
  163  11:11  Barracks  
  163  11:13  SCV  
  163  11:15  SCV x3  
  167  11:20  Supply Depot  
  167  11:22  Siege Tank x2, Supply Depot  
  167  11:23  Supply Depot  
  167  11:24  Marauder x2  
  167  11:25  SCV, Supply Depot  
  177  11:26  Siege Tank  
  177  11:27  SCV  
  182  11:35  Marauder, Marine x2  
  186  11:40  Terran Infantry Weapons Level 2  
  186  11:41  Terran Infantry Armor Level 1  
  186  11:42  Terran Vehicle And Ship Armor Level 1  
  186  11:46  Marauder x2, Supply Depot  
  164  12:24  Marine x7  
  162  12:42  Marine x6  
  168  12:55  Raven  
  168  12:57  Planetary Fortress  
  170  13:00  SCV x4  
  167  13:32  Marine  
  167  13:33  Marine  
  167  13:34  Barracks Reactor, Barracks Tech Lab, Marine x3  
  163  13:38  Raven  
  168  13:50  Marine  
  168  13:51  Starport, Refinery x2  
  168  13:52  Marauder  
  168  13:53  Marauder  
  167  14:02  Starport  
  166  14:24  Thor x3  
  178  14:29  SCV x4  
  188  14:37  Starport Reactor  
  188  14:41  Starport Reactor  
  177  15:01  Marauder x4, Marine x2  
  177  15:02  Marine x2  
  177  15:06  Thor  
  185  15:19  Marine x2  
  174  15:22  Marauder  
  176  15:36  Marauder x3  
  176  15:37  Marine x3  
  185  15:44  Marauder  
  187  15:58  Marauder  
  177  16:20  Medivac x3  
  177  16:21  Marine, Medivac x2  
  177  16:22  Marine x7  
  195  16:39  Marine  
  196  16:40  Marine x2  
  192  16:50  Medivac x3  
  197  17:09  Widow Mine  
  197  17:12  Marine  
  197  17:15  Terran Infantry Armor Level 2, Terran Infantry Weapons Level 3  
  200  17:16  Terran Vehicle And Ship Armor Level 2  
  200  17:20  Armory  
  200  17:22  Ghost Academy  
  91  19:03  Marauder x4, Marine  
  91  19:04  Marine x3  
  91  19:05  Siege Tank x3  
  91  19:09  Orbital Command, Medivac x5  
  111  19:21  Marine  
  111  19:22  Marine x3  
  115  19:24  Marauder x4  
  121  19:37  Siege Tank x3  
  130  19:38  Medivac  
  130  19:39  Marine x3, Medivac x3  
  140  19:45  Marauder  
  140  19:46  Marauder x3  
  123  20:00  Marine x2  
  123  20:01  Marine x2  
  124  20:07  Marauder x4  
  124  20:09  Siege Tank x2  
  124  20:18  Marine x3  
  124  20:19  Marine  
  108  20:28  Marauder, Marine  
  102  20:29  Marauder x2  
  96  20:36  Marine  
  96  20:39  Marine  
  79  20:44  Siege Tank x3  
  79  20:46  Marauder  
  90  20:50  Marauder x3  
  90  20:54  Marine  
  90  20:56  Marine, Medivac  
  94  21:04  Marine x2  
  94  21:08  Marauder  
  97  21:11  Marauder x2  
  97  21:16  Siege Tank  
  97  21:17  Thor x2  
  104  21:21  Marine  
  104  21:22  Marine  
  104  21:25  Marine  
  99  21:26  Medivac  
  99  21:30  Barracks  
  101  21:32  Barracks, Marauder  
  101  21:36  Barracks  
  101  21:37  Missile Turret  
  101  21:38  Missile Turret  
  101  21:39  Marine x2  
  98  21:40  Missile Turret  
  92  21:48  Thor  
  92  21:54  Marauder  
  95  21:57  Marine x2  
  95  22:00  Thor x2  
  100  22:15  Marine  
  83  22:17  Command Center  
  24  22:58  Marine  
  24  22:59  Marine x3  
  28  23:11  Terran Ship Weapons Level 1  
  28  23:12  Barracks  
  28  23:13  Barracks  
  28  23:14  Barracks  
  28  23:15  Barracks  
  28  23:16  Barracks, Marine  
  28  23:17  Marine x3  
  26  23:34  Marine  
  26  23:35  Marine x3  
  26  23:39  Factory  
  26  23:40  Viking x2  
  34  23:43  Factory  
  34  23:48  Supply Depot  
  34  23:50  Supply Depot  
  34  23:52  Marine x4  
  36  23:58  Factory  
  36  24:09  Viking x2  
  36  24:10  Marine  
  41  24:21  Marine x2  
  25  24:55  Barracks Reactor  
Tags
 
Add a new tag
Caveats
  • Supply blocks, unpowered buildings, or Contaminate may cause inaccurate times.
  • Supply counts are checked every 10 seconds.